AoeStats
← Maty

Arabia

505487227Analyzed
1v1 RM · 22d ago on Sep 9, 2026· 53m 2s· 2 players
Game mode
Random Map
Map size
Tiny (2 player)
Population
200
Speed
Normal
Resources
Standard
Victory
Conquest
Starting age
Dark Age
Ending age
Imperial Age
RankedLock teamsTeams togetherTeam positionsShared explorationLock speedFull tech treeHidden civsTurbo modeCheats
Victory
Defeat
🇮🇹 Franks · Italy
1879
+17
🇪🇨 Spanish · Ecuador
1904
-17
Brother_Dege
5:04 Loom
9:10 Feudal Age
10:30 Double-Bit Axe
12:47 Fletching
18:01 Forging
20:06 Scale Barding Armor
24:11 Castle Age
22:45 Padded Archer Armor
24:33 Elite Skirmisher
25:09 Bodkin Arrow
25:58 Bow Saw
26:41 Husbandry
34:14 Wheelbarrow
33:46 Town Watch
35:19 Chain Barding Armor
36:10 Hand Cart
36:29 Devotion
38:01 Ballistics
40:51 Imperial Age
39:41 Iron Casting
41:12 Masonry
41:58 Conscription
42:35 Plate Barding Armor
42:20 Chivalry
41:42 Cavalier
42:37 Gold Mining
42:38 Stone Mining
44:47 Hoardings
47:20 Siege Engineers
49:16 Chemistry
49:49 Blast Furnace
49:16 Paladin
Maty
7:00 Loom
10:58 Feudal Age
11:28 Double-Bit Axe
11:23 Horse Collar
14:07 Fletching
16:16 Padded Archer Armor
20:20 Town Watch
23:31 Castle Age
22:19 Stone Mining
23:05 Gold Mining
23:57 Bloodlines
25:39 Bow Saw
25:35 Husbandry
27:56 Scale Barding Armor
28:28 Bodkin Arrow
29:04 Elite Skirmisher
33:53 Heavy Plow
35:03 Wheelbarrow
40:00 Imperial Age
38:29 Chain Barding Armor
37:33 Light Cavalry
39:51 Sanctity
40:38 Hand Cart
41:10 Conscription
41:28 Plate Barding Armor
42:49 Chemistry
43:08 Leather Archer Armor
42:21 Hussar
44:42 Pikeman
45:23 Squires
46:04 Squires
45:50 Gambesons
45:25 Halberdier
46:15 Scale Mail Armor
47:15 Supremacy
47:50 Chain Mail Armor
47:34 Cavalier
49:38 Masonry
49:04 Paladin
50:12 Forging
50:45 Stone Shaft Mining
Connection lost

Rejoining the realm…

Still unreachable

The connection could not be restored.

Session expired

The server has moved on; the page needs a fresh start.